Map: Sludge City

Players

Duncan

  • Race: Protoss Protoss
  • Spawn Location: 5:00

EdibleDXX

  • Race: Terran Terran
  • Spawn Location: 5:00

LoKi - Winner!

  • Race: Zerg Zerg
  • Spawn Location: 9:00

Skindred (TargA) - Winner!

  • Race: Protoss Protoss
  • Spawn Location: 11:00

VOD

Have the link to the VOD?

Description

Time

  • Played on: Dec. 22, 2015, 1:34 p.m.
  • Length: 11:28
Show
View Real Time Build Order
Export as new Build Order

Duncan Protoss 

Build Orders:  

Get SALT Encoding   

  12  0:04  Probe (Chrono Boost)  
  13  0:27  Pylon  
  13  0:30  Probe (Chrono Boost)  
  14  0:41  Probe (Chrono Boost)  
  15  0:51  Probe (Chrono Boost)  
  15  0:52  Gateway  
  16  1:00  Pylon  
  16  1:02  Probe (Chrono Boost)  
  17  1:18  Gateway  
  17  1:26  Assimilator  
  17  1:33  Assimilator  
  17  1:38  Probe (Chrono Boost)  
  18  1:42  Zealot (Chrono Boost)  
  20  1:49  Probe  
  21  2:01  Probe  
  22  2:13  Probe  
  22  2:14  Zealot (Chrono Boost)  
  25  2:36  Nexus  
  25  2:57  Pylon  
  29  3:06  Zealot x2 (Chrono Boost)  
  29  3:13  Cybernetics Core  
  29  3:18  Forge  
  29  3:32  Pylon  
  29  3:37  Pylon  
  29  3:52  Probe  
  30  4:05  Probe  
  30  4:06  Warp Gate (Chrono Boost)  
  30  4:08  Protoss Ground Weapons Level 1  
  32  4:17  Probe  
  32  4:29  Probe  
  33  4:33  Stalker (Chrono Boost)  
  33  4:36  Stalker (Chrono Boost)  
  37  4:41  Probe  
  38  5:01  Zealot (Chrono Boost)  
  38  5:03  Zealot (Chrono Boost)  
  42  5:09  Robotics Facility  
  42  5:15  Probe  
  43  5:27  Probe  
  44  5:33  Stalker (Chrono Boost)  
  44  5:34  Stalker (Chrono Boost)  
  48  5:39  Probe  
  49  5:51  Probe  
  50  6:00  Assimilator  
  50  6:02  Protoss Ground Armor Level 1, Assimilator  
  50  6:10  Photon Cannon  
  50  6:13  Photon Cannon  
  50  6:16  Photon Cannon  
  50  6:20  Photon Cannon  
  50  6:23  Photon Cannon  
  50  6:27  Photon Cannon  
  50  6:31  Photon Cannon  
  50  6:34  Photon Cannon  
  50  6:49  Gateway  
  50  6:59  Photon Cannon  
  50  7:01  Photon Cannon  
  50  7:06  Photon Cannon  
  50  7:09  Photon Cannon  
  50  7:13  Photon Cannon  
  50  7:27  Stalker  
  50  7:29  Stalker  
  54  7:49  Probe  
  55  7:56  Protoss Shields Level 1 (Chrono Boost)  
  55  8:03  Stargate  
  55  8:13  Stalker  
  55  8:15  Stalker  
  55  8:18  Stalker  
  61  8:29  Stargate  
  61  9:09  Pylon  
  61  9:12  Pylon  
  61  9:18  Immortal  
  65  9:28  Fleet Beacon  
  65  9:32  Stalker  
  65  9:37  Stalker  
  69  9:41  Stalker  
  71  9:58  Immortal  
  75  10:03  Photon Cannon  
  75  10:05  Photon Cannon  
  75  10:09  Photon Cannon  
  75  10:27  Tempest  
  79  10:30  Tempest  
Show
View Real Time Build Order
Export as new Build Order

EdibleDXX Terran 

Build Orders:  

Get SALT Encoding   

  12  0:07  SCV  
  13  0:19  SCV  
  14  0:25  Supply Depot  
  14  0:32  SCV  
  14  0:34  Supply Depot  
  15  0:46  SCV  
  16  1:00  Barracks  
  16  1:03  Refinery  
  16  1:05  SCV, Refinery  
  17  1:17  SCV  
  18  1:39  SCV  
  19  1:49  Marine  
  19  1:51  SCV  
  19  1:52  Engineering Bay  
  21  2:03  SCV  
  21  2:07  Marine  
  21  2:08  Supply Depot  
  23  2:15  SCV  
  24  2:27  Missile Turret  
  24  2:28  SCV  
  25  2:33  Barracks Tech Lab  
  25  2:35  Terran Infantry Weapons Level 1  
  25  2:40  SCV  
  26  2:48  Sensor Tower  
  26  2:52  SCV  
  27  3:00  Stimpack  
  27  3:01  Marine  
  27  3:04  SCV  
  29  3:16  Orbital Command  
  29  3:18  Marine  
  30  3:36  Factory, Marine  
  31  3:54  Marine  
  32  4:11  Command Center  
  32  4:26  SCV  
  33  4:37  Factory Tech Lab  
  33  4:38  SCV  
  33  4:39  Supply Depot, Marine  
  35  4:50  SCV  
  36  4:53  Terran Infantry Armor Level 1  
  36  5:02  Supply Depot  
  36  5:03  SCV  
  36  5:06  Siege Tank  
  40  5:15  SCV  
  41  5:25  Supply Depot  
  41  5:27  SCV  
  42  5:28  Refinery  
  42  5:30  Orbital Command  
  42  5:36  Refinery  
  42  5:39  SCV  
  46  5:50  Supply Depot  
  46  5:51  SCV  
  47  6:03  Marine  
  48  6:08  Cyclone  
  48  6:13  Supply Depot  
  48  6:21  Marine  
  49  6:39  Marine  
  50  6:40  Cyclone  
  50  6:41  Missile Turret  
  53  6:56  Factory  
  53  6:57  Marine  
  53  7:00  Armory  
  54  7:07  Starport  
  54  7:12  Cyclone  
  54  7:14  Marine  
  55  7:44  Cyclone  
  55  7:48  Missile Turret  
  58  7:59  Starport  
  58  8:01  Factory Tech Lab  
  57  8:15  Missile Turret  
  57  8:16  Cyclone  
  60  8:31  Sensor Tower, Missile Turret  
  60  8:49  Cyclone, Marine  
  60  8:52  Starport Tech Lab  
  64  8:58  Missile Turret  
  64  9:07  Marine  
  64  9:09  Cyclone  
  68  9:17  Medivac  
  68  9:21  Cyclone  
  73  9:25  Marine  
  74  9:41  Cyclone  
  74  9:43  Marine  
  78  9:47  Viking  
  80  9:53  Cyclone  
  83  10:01  Marine  
  84  10:10  Starport  
  84  10:17  Viking  
  84  10:19  Marine  
  48  10:47  Viking  
  39  10:57  Marine  
Show
View Real Time Build Order
Export as new Build Order

LoKi Zerg - Winner!

Build Orders: Pool First 

Get SALT Encoding   

  12  0:02  Drone  
  13  0:13  Overlord  
  13  0:18  Drone  
  14  0:31  Drone x2  
  16  0:46  Spawning Pool  
  16  0:49  Drone  
  16  0:50  Extractor  
  15  1:16  Hatchery  
  15  1:17  Drone x2  
  16  1:30  Drone x2  
  18  1:39  Queen  
  20  1:48  Overlord  
  20  1:58  Drone  
  21  2:03  Extractor  
  21  2:04  Zergling x2  
  21  2:11  Metabolic Boost  
  21  2:13  Drone  
  22  2:23  Drone  
  23  2:32  Lair  
  23  2:33  Drone x2  
  25  2:44  Drone  
  25  2:50  Zergling x4  
  28  2:53  Zergling x2  
  29  2:59  Drone x2  
  29  3:05  Zergling x4  
  33  3:14  Extractor  
  33  3:15  Extractor  
  33  3:16  Queen  
  33  3:17  Overlord  
  33  3:20  Drone  
  34  3:33  Drone x2  
  36  3:47  Spire  
  36  3:48  Drone  
  36  3:49  Drone x3  
  36  3:50  Drone  
  40  3:59  Zergling x2  
  41  4:12  Drone x3  
  41  4:13  Overlord  
  44  4:32  Drone x4  
  44  4:33  Overlord  
  48  4:44  Drone x4  
  52  4:48  Overlord  
  52  4:57  Spore Crawler  
  52  4:59  Mutalisk x2  
  55  5:00  Spore Crawler  
  55  5:03  Spore Crawler  
  53  5:12  Hatchery  
  53  5:14  Mutalisk  
  52  5:17  Zerg Flyer Weapons Level 1  
  52  5:19  Mutalisk  
  56  5:24  Mutalisk  
  58  5:30  Mutalisk, Drone  
  58  5:32  Mutalisk  
  63  5:36  Overseer x2  
  63  5:40  Mutalisk  
  65  5:53  Mutalisk  
  65  5:55  Overlord x3  
  67  6:13  Mutalisk x5  
  77  6:28  Drone x4  
  77  6:29  Drone x4  
  85  6:36  Corruptor  
  87  6:48  Queen  
  87  6:51  Extractor  
  87  6:52  Mutalisk  
  87  6:53  Mutalisk x4, Extractor  
  97  7:34  Overlord x5  
  97  7:43  Zerg Flyer Weapons Level 2  
  97  7:53  Drone  
  97  7:54  Drone x10  
  104  8:09  Mutalisk  
  104  8:10  Mutalisk x4  
  114  8:31  Mutalisk  
  114  8:32  Mutalisk x5  
  126  8:51  Mutalisk  
  126  8:52  Mutalisk x3  
  126  8:53  Overlord x2  
  126  8:54  Overlord x3  
  134  9:13  Mutalisk x3  
  134  9:14  Zergling x2  
  134  9:15  Zergling x8  
  145  9:44  Mutalisk  
  145  9:45  Mutalisk x4  
  153  9:46  Zergling x6  
  153  9:47  Zergling x10  
  153  9:49  Overlord  
  163  10:08  Mutalisk x3  
  167  10:42  Mutalisk  
  161  10:43  Mutalisk x4  
  164  10:56  Mutalisk x2  
Show
View Real Time Build Order
Export as new Build Order

Skindred Protoss - Winner!

Build Orders:  

Get SALT Encoding   

  12  0:02  Probe (Chrono Boost)  
  13  0:14  Pylon  
  13  0:19  Probe (Chrono Boost)  
  14  0:29  Probe (Chrono Boost)  
  14  0:35  Gateway  
  15  0:40  Probe (Chrono Boost)  
  16  0:46  Assimilator  
  16  0:50  Probe (Chrono Boost)  
  17  0:59  Assimilator  
  17  1:01  Probe (Chrono Boost)  
  18  1:11  Probe (Chrono Boost)  
  18  1:17  Forge  
  19  1:23  Cybernetics Core  
  19  1:27  Probe (Chrono Boost)  
  20  1:35  Pylon  
  20  1:51  Probe (Chrono Boost)  
  21  2:08  Stargate  
  21  2:13  Nexus  
  21  2:18  Probe (Chrono Boost)  
  22  2:28  Photon Cannon  
  22  2:40  Photon Cannon  
  22  2:46  Pylon  
  22  2:51  Probe (Chrono Boost)  
  23  3:08  Void Ray  
  27  3:14  Assimilator  
  27  3:18  Assimilator  
  27  3:26  Probe (Chrono Boost)  
  28  3:30  Probe (Chrono Boost)  
  29  3:37  Probe (Chrono Boost)  
  29  3:41  Probe (Chrono Boost)  
  31  3:47  Probe (Chrono Boost)  
  32  3:51  Probe (Chrono Boost)  
  32  3:52  Stargate  
  33  3:57  Probe (Chrono Boost)  
  33  4:02  Probe  
  35  4:07  Void Ray (Chrono Boost)  
  39  4:10  Probe  
  39  4:14  Probe  
  41  4:20  Probe  
  42  4:26  Probe  
  42  4:31  Probe  
  48  4:41  Void Ray (Chrono Boost)  
  48  4:44  Stargate  
  48  4:50  Fleet Beacon  
  48  4:53  Probe  
  48  4:55  Void Ray (Chrono Boost)  
  53  5:06  Protoss Air Weapons Level 1 (Chrono Boost)  
  53  5:11  Probe  
  54  5:29  Pylon  
  54  5:30  Pylon  
  54  5:33  Pylon  
  54  5:41  Void Ray  
  54  5:46  Void Ray  
  54  5:48  Probe, Void Ray  
  67  6:01  Probe  
  68  6:09  Mothership Core  
  70  6:19  Stargate  
  70  6:26  Void Ray  
  74  6:38  Nexus  
  74  6:39  Void Ray  
  78  6:40  Pylon  
  78  6:42  Pylon  
  78  6:44  Pylon  
  78  6:50  Assimilator  
  78  6:52  Assimilator  
  78  6:55  Protoss Air Weapons Level 2 (Chrono Boost)  
  78  7:04  Void Ray  
  82  7:20  Void Ray  
  82  7:23  Photon Cannon  
  82  7:26  Photon Cannon  
  82  7:27  Photon Cannon  
  86  7:30  Void Ray  
  90  7:48  Probe  
  90  7:49  Probe  
  90  7:50  Probe  
  92  7:56  Pylon  
  93  8:00  Probe x2, Pylon  
  93  8:01  Void Ray  
  93  8:02  Probe  
  100  8:11  Probe  
  100  8:12  Probe  
  102  8:14  Probe  
  109  8:20  Void Ray  
  113  8:42  Probe  
  113  8:43  Protoss Air Weapons Level 3 (Chrono Boost)  
  114  8:52  Probe  
  114  8:54  Pylon  
  115  8:57  Void Ray (Chrono Boost)  
  115  8:59  Pylon  
  115  9:01  Pylon  
  127  9:17  Void Ray (Chrono Boost)  
  127  9:18  Void Ray (Chrono Boost)  
  131  9:43  Void Ray (Chrono Boost)  
  131  9:50  Void Ray (Chrono Boost)  
  135  9:56  Void Ray (Chrono Boost)  
Tags
 
Add a new tag
Caveats
  • Supply blocks, unpowered buildings, or Contaminate may cause inaccurate times.
  • Supply counts are checked every 10 seconds.